 Dungeon Crawl Stone Soup version 0.28.0-53-g5a82cb258f (webtiles) character file.

Game seed: 8688052527335474540

301 safid the Chopper (level 6, 0/52 HPs)
             Began as a Hill Orc Fighter on June 14, 2022.
             Slain by Grinder (3 damage)
             ... on level 4 of the Dungeon.
             The game lasted 00:04:53 (3193 turns).

safid the Chopper (Hill Orc Fighter)                Turns: 3193, Time: 00:04:53

Health: 0/52       AC:  9    Str: 21    XL:     6   Next: 37%
Magic:  6/6        EV:  9    Int:  8    God:
Gold:   114        SH:  9    Dex: 10    Spells: 5/5 levels left

rFire   . . .      SeeInvis .   a - +0 war axe
rCold   . . .      Faith    .   c - +0 buckler
rNeg    . . .      Spirit   .   b - +0 scale mail
rPois   +          Reflect  +   (no helmet)
rElec   .          Harm     .   (no cloak)
rCorr   .          Rampage  .   l - +0 pair of gloves
Will    .....                   o - +0 pair of boots
Stlth   ..........              s - amulet of reflection
HPRegen 0.17/turn               k - ring of poison resistance
MPRegen 0.10/turn               (no ring)

@: no status effects
A: no striking features
a: no special abilities


You were on level 4 of the Dungeon.
You visited 1 branch of the dungeon, and saw 4 of its levels.

You collected 114 gold pieces.

Inventory:

Hand Weapons
 a - a +0 war axe (weapon)
Missiles
 p - 3 javelins (quivered)
Armour
 b - a +0 scale mail (worn)
 c - a +0 buckler (worn)
 l - a +0 pair of gloves (worn)
 o - a +0 pair of boots (worn)
Jewellery
 k - a ring of poison resistance (left hand)
 s - an amulet of reflection (around neck)
Wands
 t - a wand of flame (21)
 u - a wand of iceblast (12)
Scrolls
 f - a scroll of amnesia {unknown}
 g - 3 scrolls of teleportation {unknown}
 h - a scroll of magic mapping {unknown}
 j - 2 scrolls of torment {unknown}
 m - a scroll of brand weapon {unknown}
 n - 2 scrolls of identify {unknown}
 q - a scroll of fog {unknown}
Potions
 d - 2 potions of might
 e - 5 potions of curing {unknown}
 i - 2 potions of heal wounds {unknown}
 r - a potion of resistance {unknown}


   Skills:
 - Level 4.0 Fighting
 + Level 7.5 Axes
 - Level 4.0 Armour
 - Level 4.0 Shields


You had 5 spell levels left.
You didn't know any spells.
Your spell library was empty.

Dungeon Overview and Level Annotations

Branches:
Dungeon (4/15)
 Temple: D:4-7

Altars:
Fedhas
Gozag
Kikubaaqudgha
Ru
Yredelemnul
The Shining One

Shops:
D:2 *

Annotations:
D:4 Grinder


Message History

You hit the bullfrog skeleton but do no damage.
The bullfrog skeleton is severely damaged.
You closely miss the iguana.
You block the bullfrog skeleton's attack.
Grinder grins, showing sharp teeth.
The iguana bites you.
Unknown command.
You hit the bullfrog skeleton.
The bullfrog skeleton is almost destroyed.
You hit the iguana. The bullfrog skeleton misses you.
Grinder blinks!
You block the iguana's attack.
The bullfrog skeleton hits you but does no damage.
Unknown command.
You slash the bullfrog skeleton!
You destroy the bullfrog skeleton!
You hit the iguana but do no damage.
Grinder says, "Tell me all your secrets, or I'll kill you."
The iguana bites you but does no damage.
Unknown command.
You barely miss the iguana.
The iguana is heavily wounded.
You block the iguana's attack. Grinder gestures at you.
Pain shoots through your body!
* * * LOW HITPOINT WARNING * * *
You block the iguana's attack.
You slash the iguana!
The iguana is almost dead.
The iguana bites you.
* * * LOW HITPOINT WARNING * * *
Unknown command.
You slash Grinder!
Grinder is almost dead.
You slash the iguana!
You kill the iguana!
Grinder says, "Mostly I couldn't keep them alive."
Grinder hits you!
* * * LOW HITPOINT WARNING * * *
You writhe in agony.
You die...

## ###.## ##....
#####...# #####.#.#...#
. ##..##...#)..# ...
#.........#..##....
#.........#........
#.......[.5@†...#
#..........†...$...
#........<.........
##...........#.####
#............#... ###
##................ ..###
##................
....###.................
..#..##..............


You could see Grinder.

Vanquished Creatures
  A necrophage (D:3)
  A hound (D:4)
  2 bullfrog skeletons (D:4)
  An iguana (D:4)
  2 hound skeletons (D:4)
  5 adders
  2 orcs
  2 ball pythons
  4 bats
  10 endoplasms
  3 giant cockroaches
  3 goblins
  2 hobgoblins (D:2)
  4 jackals (D:4)
  6 kobolds
  3 quokkas
  2 frilled lizards
  4 rats
57 creatures vanquished.

Notes
Turn   | Place    | Note
-------+----------+-------------------------------------------
     0 | D:1      | safid the Hill Orc Fighter began the quest for the Orb.
     0 | D:1      | Reached XP level 1. HP: 19/19 MP: 1/1
   413 | D:1      | Reached skill level 3 in Axes
   413 | D:1      | Reached XP level 2. HP: 27/27 MP: 2/2
  1113 | D:2      | Reached XP level 3. HP: 33/33 MP: 3/3
  1144 | D:2      | Found a blossoming altar of Fedhas.
  1489 | D:2      | Reached XP level 4. HP: 40/40 MP: 4/4
  1622 | D:2      | Reached skill level 4 in Axes
  1715 | D:2      | Found Assefyty's Assorted Antiques.
  1945 | D:3      | Noticed a necrophage
  1957 | D:3      | Killed a necrophage
  1958 | D:3      | Reached skill level 5 in Axes
  1958 | D:3      | Reached XP level 5. HP: 26/46 MP: 5/5
  2358 | D:3      | Found a faded altar of an unknown god.
  2433 | D:3      | Reached skill level 6 in Axes
  2450 | D:3      | Found an opulent altar of Gozag.
  2451 | D:3      | Found a sacrificial altar of Ru.
  2451 | D:3      | Found a basalt altar of Yredelemnul.
  3010 | D:4      | Found an ancient bone altar of Kikubaaqudgha.
  3048 | D:4      | Found a glowing golden altar of the Shining One.
  3111 | D:4      | Noticed Grinder
  3130 | D:4      | Reached XP level 6. HP: 50/52 MP: 6/6
  3171 | D:4      | Reached skill level 7 in Axes
  3183 | D:4      | Paralysed by Grinder for 2 turns
  3193 | D:4      | Slain by Grinder

Illustrated notes

Levels and vault maps discovered:
D:1:      ncdulo_lavacross, layout_loops_ring, serial_rivers,
          chequers_serial_rivers_micro_c, chequers_serial_rivers_micro_c,
          chequers_serial_rivers_micro_e, chequers_serial_rivers_large_a,
          chequers_serial_rivers_micro_a
D:2:      layout_loops_cross, serial_shops, shop, basic_altar,
          grunt_decor_junction
D:3:      layout_basic, chequers_temple_overflow_statue_of_worship,
          ebering_ecumenical_altar_petrified
D:4:      layout_cave_pools, mainiacjoe_overflow_six_doors_small,
          mainiacjoe_overflow_two_lobes, kennysheep_generic_room_10, uniq_pikel,
          uniq_grinder

Skill      XL: |  1  2  3  4  5  6 |
---------------+-------------------+-----
Axes           | 3 5 6 7 |  7.5
Fighting       | 4 |  4.0
Armour         | 4 |  4.0
Shields        | 4 |  4.0

Action                   |  1- 3 |  4- 6 || total
-------------------------+-------+-------++-------
Melee: War axe           |    70 |    84 ||   154
Armor: Scale mail        |    32 |    37 ||    69
Dodge: Dodged            |    27 |    32 ||    59
Block: Buckler           |    12 |    38 ||    50
       Reflection        |       |     1 ||     1
